 Dungeon Crawl Stone Soup version 0.28.0-49-g6dfe1f597d (webtiles) character file.

Game seed: 6666038786000153495

3609 Peloso the Carver (level 9, -8/79 HPs)
             Began as a Minotaur Fighter on May 20, 2022.
             Killed from afar by a steam dragon (10 damage)
             ... with a ball of steam
             ... on level 7 of the Dungeon.
             The game lasted 00:15:04 (9420 turns).

Peloso the Carver (Minotaur Fighter)                Turns: 9420, Time: 00:15:06

Health: -8/79      AC: 16    Str: 23    XL:     9   Next: 86%
Magic:  8/8        EV:  7    Int:  5    God:
Gold:   245        SH:  5    Dex: 12    Spells: 8/8 levels left

rFire   . . .      SeeInvis .   a - +0 long sword
rCold   . . .      Faith    .   c - +0 buckler
rNeg    . . .      Spirit   .   G - +0 plate armour
rPois   .          Reflect  .   (helmet restricted)
rElec   .          Harm     .   p - +0 cloak
rCorr   +          Rampage  .   H - +0 pair of gloves
Will    +....                   (no boots)
Stlth   ..........              (no amulet)
HPRegen 0.23/turn               f - ring of resist corrosion
MPRegen 0.11/turn               m - ring of willpower

@: studying Invocations
A: horns 2, retaliatory headbutt
a: no special abilities


You were on level 7 of the Dungeon.
You visited 2 branches of the dungeon, and saw 8 of its levels.
You also visited: Sewer.

You collected 269 gold pieces.
You spent 24 gold pieces at shops.

Inventory:

Hand Weapons
 a - a +0 long sword (weapon)
 b - a +2 short sword of electrocution
Armour
 c - a +0 buckler (worn)
 o - a +0 scale mail
 p - a +0 cloak (worn)
 G - a +0 plate armour (worn)
 H - a +0 pair of gloves (worn)
 J - a +0 pair of boots
Jewellery
 f - a ring of resist corrosion (left hand)
 g - a +6 ring of intelligence
 m - a ring of willpower (right hand)
 q - a ring of magical power
 t - a ring of willpower
 u - an amulet of magic regeneration
 F - a ring of flight
Wands
 s - a wand of paralysis (9)
 E - a wand of charming (14)
 K - a wand of flame (15)
Scrolls
 h - a scroll of enchant weapon {unknown}
 j - 2 scrolls of magic mapping
 k - a scroll of blinking {unknown}
 l - 2 scrolls of vulnerability {unknown}
 r - 2 scrolls of fog {unknown}
 v - a scroll of enchant armour {unknown}
 y - a scroll of immolation {unknown}
 A - 2 scrolls of holy word {unknown}
 D - a scroll of torment {unknown}
 I - a scroll of brand weapon {unknown}
 L - a scroll of identify
Potions
 d - 4 potions of might
 e - a potion of magic
 i - a potion of flight
 n - 2 potions of curing
 w - a potion of haste
 x - a potion of brilliance {unknown}
 z - a potion of mutation {unknown}
 B - a potion of degeneration {unknown}
 C - a potion of ambrosia {unknown}


   Skills:
 + Level 7.3 Fighting
 + Level 11.1 Long Blades
 + Level 9.1 Armour
 + Level 3.2 Dodging
 + Level 1.5 Stealth
 + Level 7.1 Shields


You had 8 spell levels left.
You didn't know any spells.
Your spell library contained the following spells:

 Spells                   Type           Power      Damage    Failure   Level
 Tukima's Dance           Hex            0%         N/A       100%        3
 Passage of Golubria      Tloc           0%         N/A       100%        4
 Silence                  Hex/Air        0%         N/A       100%        5
 Yara's Violent Unravell  Hex/Tmut       0%         3d3       100%        5
 Borgnjor's Revivificati  Necr           0%         N/A       100%        8
 Lehudib's Crystal Spear  Conj/Erth      0%         10d2      100%        8
 Necromutation            Tmut/Necr      0%         N/A       100%        8
 Death's Door             Necr           0%         N/A       100%        9


Dungeon Overview and Level Annotations

Branches:
Dungeon (7/15)             Temple (1/1) D:6           Sewer (visited)

Altars:
Cheibriados
Dithmenos
Elyvilon
Fedhas
Gozag
Hepliaklqana
Kikubaaqudgha
Nemelex Xobeh
Qazlal
Ru
Sif Muna
Vehumet
Wu Jian
Xom
Yredelemnul
Zin
The Shining One

Shops:
D:2 *

Annotations:
D:3 1 runed translucent door, Crazy Yiuf


Innate Abilities, Weirdness & Mutations

You have a pair of horns on your head.
You reflexively headbutt those who attack you in melee.


Message History

You are engulfed in a cloud of scalding steam.
* * * LOW HITPOINT WARNING * * *
You hit the steam dragon but do no damage.
You are engulfed in a cloud of scalding steam.
* * * LOW HITPOINT WARNING * * *
The steam dragon barely misses you.
The steam dragon claws you but does no damage.
You completely miss the steam dragon. The steam dragon bites you.
* * * LOW HITPOINT WARNING * * *
The steam dragon closely misses you.
You slash the steam dragon!
The steam dragon is moderately wounded.
The steam dragon bites you but does no damage.
The steam dragon claws you but does no damage.
You hit the steam dragon but do no damage.
The steam dragon is moderately wounded.
The steam dragon breathes steam at you. The ball of steam hits you.
* * * LOW HITPOINT WARNING * * *
You slash the steam dragon! You headbutt the steam dragon.
The steam dragon is severely wounded.
You are engulfed in a cloud of scalding steam.
The steam dragon bites you but does no damage.
You block the steam dragon's attack.
You hit the steam dragon but do no damage.
The steam dragon is severely wounded.
You are engulfed in a cloud of scalding steam.
The steam dragon bites you but does no damage.
The steam dragon claws you but does no damage.
You hit the steam dragon but do no damage.
Your headbutt misses the steam dragon.
The steam dragon is severely wounded.
You are engulfed in a cloud of scalding steam.
You hit the steam dragon.
The steam dragon is almost dead.
You are engulfed in a cloud of scalding steam.
* * * LOW HITPOINT WARNING * * *
The steam dragon breathes steam at you. The ball of steam hits you!
You die...

***,,,*** *,,,,,,,**,*,*,*,*,*#
***,,,*****,,,,,,..**,*,*,*,**.
*,,,,,,**,,,,<,..#**,*,*,*##.
*,,,,,,**,,,,,,,..*,*,*,*,#..
*,,,,,,**,,,,,,,#.##,*,*,##.#
******,**,,,,,,,*..#*,*,*#...
*****,,*********#.##*,*##...
*,,,##.##########..#,*,#...#
*,,,.....yD@..ยงยง...##,##...#
* *,,,##...#########..#,#..#.#
* *****##*,** ##.#+#.##.. *
*,,* #..#..#### *
****,****######.#.##### *
*,,,,,,,............... ****
*** *,******###############
**_***8****,* 8,,,8,,,8**,*


You could see a steam dragon (catching breath) and a killer bee.

Vanquished Creatures
  An oklob plant (D:6)
  Sigmund (D:4)
  A water moccasin (D:7)
  2 orc warriors (D:5)
  A sky beast (D:5)
  A black bear (D:6)
  5 ice beasts
  3 ogres
  4 centaurs (D:5)
  A phantom (D:6)
  2 scorpions
  4 wights
  3 killer bees (D:7)
  A howler monkey (D:6)
  5 hounds (D:5)
  A bullfrog skeleton (D:4)
  A gnoll shaman (D:5)
  9 jellies
  Jessica (D:3)
  3 iguanas
  4 orc wizards
  A hound skeleton (D:4)
  Robin (D:1)
  9 adders
  3 gnolls (D:5)
  A shadow imp (D:6)
  2 white imps
  2 ufetubi
  3 worms
  A dart slug (D:4)
  17 orcs
  6 ball pythons
  5 bats
  35 endoplasms
  5 giant cockroaches
  14 goblins
  9 hobgoblins
  3 jackals (D:2)
  8 kobolds
  2 quokkas
  5 frilled lizards
  7 rats
193 creatures vanquished.

Vanquished Creatures (others)
  9 fungi (D:6)
9 creatures vanquished.

Grand Total: 202 creatures vanquished

Notes
Turn   | Place    | Note
-------+----------+-------------------------------------------
     0 | D:1      | Peloso the Minotaur Fighter began the quest for the Orb.
     0 | D:1      | Reached XP level 1. HP: 19/19 MP: 0/0
   286 | D:1      | Reached XP level 2. HP: 26/27 MP: 1/1
   667 | D:1      | Found a faded altar of an unknown god.
   961 | D:2      | Noticed Robin
   975 | D:1      | Reached XP level 3. HP: 24/33 MP: 2/2
  1110 | D:1      | Killed Robin
  1111 | D:1      | Reached skill level 3 in Long Blades
  1182 | D:1      | Reached skill level 1 in Dodging
  1632 | D:2      | Reached XP level 4. HP: 40/40 MP: 3/3
  2073 | D:2      | Found Kahayrrag's General Store.
  2083 | D:2      | Bought a scroll of identify for 24 gold pieces
  2575 | D:3      | Found a sacrificial altar of Ru.
  2609 | D:3      | Found a stormy altar of Qazlal.
  2797 | D:3      | Reached XP level 5. HP: 32/46 MP: 4/4
  3066 | D:3      | Found a runed translucent door.
  3067 | D:3      | Noticed Crazy Yiuf
  3187 | D:2      | Reached skill level 4 in Long Blades
  3264 | D:3      | Noticed Jessica
  3267 | D:3      | Killed Jessica
  3268 | D:3      | Reached skill level 5 in Armour
  3826 | D:4      | Reached XP level 6. HP: 53/53 MP: 5/5
  3829 | D:4      | Noticed Sigmund
  3872 | D:4      | Killed Sigmund
  3873 | D:4      | Reached skill level 5 in Long Blades
  4007 | D:4      | Reached skill level 5 in Fighting
  4007 | D:4      | Reached skill level 6 in Long Blades
  4007 | D:4      | Reached XP level 7. HP: 61/61 MP: 6/6
  5043 | D:5      | Entered Level 5 of the Dungeon
  5052 | D:5      | Reached skill level 5 in Shields
  5077 | D:5      | Found a radiant altar of Vehumet.
  5093 | D:5      | Reached skill level 7 in Long Blades
  5107 | D:5      | Found a glowing drain.
  5190 | Sewer    | Entered a sewer
  5360 | Sewer    | Found a viscous altar of Jiyva.
  5684 | D:5      | Reached XP level 8. HP: 69/69 MP: 7/7
  5766 | D:5      | Reached skill level 8 in Long Blades
  6582 | D:5      | Found an ancient bone altar of Kikubaaqudgha.
  7347 | D:6      | Found a glowing silver altar of Zin.
  7399 | D:5      | Reached skill level 9 in Long Blades
  7535 | D:6      | Reached XP level 9. HP: 30/77 MP: 8/8
  7943 | D:6      | Reached skill level 1 in Stealth
  8281 | D:6      | Found a staircase to the Ecumenical Temple.
  8287 | D:6      | Identified the +5 trident of the Tired Nights {drain,
                  | Fragile rN+ Int+3 Dex+3}
  8301 | Temple   | Entered the Ecumenical Temple
  8435 | D:6      | Found an ornate altar of the Wu Jian Council.
  8597 | D:6      | Found a shadowy altar of Dithmenos.
  8679 | D:6      | Noticed an oklob plant
  8703 | D:6      | Reached skill level 10 in Long Blades
  8846 | D:6      | Killed an oklob plant
  9399 | D:7      | Reached skill level 11 in Long Blades
  9420 | D:7      | HP: 2/79 [steam dragon] (7)]
  9420 | D:7      | Killed from afar by a steam dragon

Illustrated notes

Levels and vault maps discovered:
D:1:      dpeg_arrival_water_fire, layout_rooms,
          shapermc_ecumenical_altar_hornbeckon, grunt_decor_mini_mirrors
D:2:      layout_basic, serial_shops, nicolae_lakefront_shop, minmay_ruptured,
          uniq_robin
D:3:      layout_rooms, nicolae_ru_the_path_less_chosen,
          mainiacjoe_overflow_surrounded_room, uniq_jessica,
          uniq_crazy_yiuf_cottage
D:4:      layout_cave_pods, kennysheep_path_1, uniq_sigmund
D:5:      layout_rooms, vehumet_crystals, mainiacjoe_overflow_chevrons,
          portal_sewer_entry_d
D:6:      lemuel_slime, layout_gridville, grunt_dithmenos_shadows,
          mainiacjoe_overflow_cross_hatched, lemuel_crystal_altar,
          minmay_temple_entry_offerings
D:7:      minmay_the_grid_four_pointed_star
          [minmay_the_grid_triangle_9x9_stretched_checkered,
          minmay_the_grid_triangle_9x9_descending_squares,
          minmay_the_grid_triangle_9x9_empty,
          minmay_the_grid_triangle_9x9_checkered,
          minmay_the_grid_prize_big_room], layout_rooms,
          nicolae_overflow_hidden_temple, enter_bailey_6
Temple:   zaba_magenta_temple

Skill      XL: |  1  2  3  4  5  6  7  8  9 |
---------------+----------------------------+-----
Armour         | 4 5 6 7 9 |  9.1
Fighting       | 4 5 6 7 |  7.3
Long Blades    | 3 4 6 7 9 11 | 11.1
Dodging        | 1 2 3 |  3.2
Shields        | 4 5 6 7 |  7.1
Stealth        | 1 |  1.5

Action                   |  1- 3 |  4- 6 |  7- 9 || total
-------------------------+-------+-------+-------++-------
Melee: Long sword        |    81 |   122 |   385 ||   588
       Headbutt          |    12 |    18 |    72 ||   102
  Use: Scroll            |       |     3 |     3 ||     6
       Potion            |       |       |     2 ||     2
Armor: Scale mail        |    67 |    59 |    49 ||   175
       Plate armour      |       |       |   138 ||   138
Dodge: Dodged            |    52 |    67 |   137 ||   256
Block: Buckler           |    25 |    40 |    92 ||   157
